Map: Invader LE

Players

blackxored - Winner!

  • Race: Zerg Zerg
  • League: Diamond

Ultralisk

  • Race: Terran Terran
  • League: Diamond

VOD

Have the link to the VOD?

Description

Time

  • Played on: June 19, 2016, 2:39 p.m.
  • Length: 11:49
Show
View Real Time Build Order
Export as new Build Order

blackxored Zerg - Winner!

Build Orders: Hatch First 

Get SALT Encoding   

  12  0:04  Drone  
  13  0:11  Drone  
  14  0:22  Overlord  
  14  0:28  Extractor  
  13  0:29  Drone  
  16  0:42  Drone  
  16  0:43  Drone  
  17  0:57  Drone, Hatchery  
  17  1:02  Drone  
  18  1:12  Extractor  
  18  1:18  Spawning Pool  
  16  1:19  Drone  
  16  1:21  Drone  
  18  1:31  Drone  
  19  1:47  Drone  
  20  1:55  Overlord  
  20  2:08  Zergling x2  
  21  2:10  Zergling x2, Queen  
  21  2:13  Zergling x2  
  21  2:15  Metabolic Boost  
  25  2:27  Queen  
  27  2:31  Hatchery  
  26  2:54  Zergling x4  
  26  2:55  Zergling x8  
  30  3:27  Overlord  
  30  3:31  Overlord x2  
  29  3:59  Drone x8  
  37  4:17  Lair  
  36  4:18  Spore Crawler  
  36  4:21  Spore Crawler  
  36  4:22  Spore Crawler  
  33  4:25  Spore Crawler  
  33  4:26  Drone x5  
  33  4:29  Drone  
  38  4:32  Drone  
  38  4:35  Spore Crawler  
  38  4:37  Spore Crawler  
  37  4:41  Queen  
  39  4:53  Drone  
  39  4:54  Extractor, Drone x2  
  39  4:59  Roach Warren  
  40  5:00  Drone  
  40  5:02  Drone  
  42  5:13  Drone  
  42  5:14  Spore Crawler  
  42  5:19  Spire  
  41  5:24  Queen  
  43  5:34  Queen  
  45  5:41  Roach  
  45  5:42  Roach  
  51  5:43  Roach  
  51  5:45  Drone  
  53  5:57  Drone x6  
  53  6:01  Overlord  
  58  6:06  Overlord  
  58  6:19  Queen  
  60  6:30  Extractor, Drone x2  
  60  6:31  Extractor  
  60  6:32  Drone x3  
  63  6:33  Drone x5  
  66  6:40  Mutalisk x2  
  66  6:43  Mutalisk  
  72  6:49  Mutalisk  
  74  7:21  Overlord x2, Nydus Network  
  74  7:22  Overlord  
  72  7:34  Overlord  
  72  7:39  Queen  
  74  7:47  Drone  
  74  7:48  Drone x7  
  74  7:49  Drone x7  
  89  8:15  Roach x4  
  97  8:43  Overlord x4  
  97  9:00  Queen x3  
  97  9:02  Overlord x4  
  103  9:03  Roach  
  103  9:04  Roach x4  
  113  9:18  Roach x5  
  123  9:26  Roach  
  125  9:33  Nydus Canal  
  125  9:34  Roach x3  
  131  9:47  Nydus Canal  
  131  9:55  Roach x6  
  119  10:13  Corruptor x5  
  102  10:27  Corruptor x3  
  102  10:28  Corruptor  
  108  10:34  Drone x2  
  110  10:36  Extractor  
  110  10:37  Extractor  
  110  10:38  Overseer  
  108  10:44  Drone x5  
  108  10:49  Spore Crawler, Drone x2  
  110  10:50  Spore Crawler  
  110  10:52  Hatchery  
  110  10:53  Corruptor x3  
  110  10:54  Corruptor x2  
  114  10:58  Spore Crawler  
  114  11:01  Spore Crawler  
  114  11:02  Spore Crawler  
  114  11:03  Spore Crawler  
  110  11:09  Overseer  
  110  11:12  Corruptor x2  
Show
View Real Time Build Order
Export as new Build Order

Ultralisk Terran 

Build Orders: Banshee Rush 

Get SALT Encoding   

  12  0:01  SCV  
  13  0:13  SCV  
  14  0:18  Supply Depot  
  14  0:25  SCV  
  15  0:39  SCV  
  15  0:42  Barracks  
  16  0:51  SCV  
  17  0:57  Refinery  
  17  1:04  SCV  
  18  1:16  Refinery, SCV  
  19  1:28  SCV  
  20  1:32  Supply Depot  
  20  1:40  Orbital Command  
  20  1:59  Factory, Marine  
  21  2:09  SCV  
  22  2:17  Marine  
  22  2:21  SCV  
  24  2:33  SCV  
  25  2:43  Command Center  
  25  2:45  SCV  
  25  2:47  Starport, Factory Tech Lab  
  25  2:48  Marine  
  27  2:56  Supply Depot  
  27  2:57  SCV  
  28  3:09  SCV  
  29  3:21  SCV  
  30  3:34  Marine  
  31  3:39  SCV  
  32  3:41  Starport  
  32  3:44  Banshee  
  32  3:46  Cloaking Field  
  31  3:51  Marine, Widow Mine, SCV  
  35  4:03  SCV  
  35  4:09  Marine  
  37  4:21  Starport Tech Lab  
  37  4:27  Marine  
  38  4:37  Supply Depot  
  38  4:50  Command Center  
  38  4:58  Banshee x2  
  44  5:11  Supply Depot  
  44  5:13  Supply Depot  
  44  5:26  Barracks Tech Lab  
  44  5:29  Factory Reactor  
  44  5:33  Supply Depot  
  44  5:39  Supply Depot  
  44  5:41  Banshee x2  
  50  5:55  Fusion Core  
  50  6:05  Refinery  
  50  6:07  Refinery  
  50  6:09  Supply Depot  
  50  6:10  Supply Depot  
  50  6:17  Orbital Command  
  50  6:24  SCV, Banshee x2  
  57  6:36  SCV  
  58  6:49  SCV x2  
  58  6:53  Supply Depot  
  60  6:54  Supply Depot  
  60  7:01  SCV x2  
  62  7:07  Banshee x2  
  68  7:11  Widow Mine x2  
  68  7:13  SCV  
  73  7:30  SCV  
  73  7:31  SCV  
  75  7:39  Widow Mine  
  75  7:43  SCV x2  
  79  7:50  Battlecruiser  
  81  8:02  Marine  
  81  8:06  Battlecruiser  
  81  8:10  Engineering Bay  
  87  8:20  Marine  
  88  8:40  Marine  
  83  8:54  Battlecruiser  
  85  8:58  Marine  
  86  9:10  SCV x2, Battlecruiser  
  86  9:16  Marine  
  95  9:22  SCV  
  96  9:34  Marine  
  97  9:41  SCV x2  
  97  9:43  Supply Depot  
  97  9:52  Marine  
  96  9:53  SCV  
  96  9:58  Battlecruiser  
  87  10:09  Marine  
  82  10:16  Orbital Command  
  80  10:22  Orbital Command  
  80  10:26  Battlecruiser  
  80  10:27  Marine  
  87  10:45  Marine  
  88  10:53  SCV x2  
  90  11:05  SCV  
Tags
 
Add a new tag
Caveats
  • Supply blocks, unpowered buildings, or Contaminate may cause inaccurate times.
  • Supply counts are checked every 10 seconds.